AoeStats
← OmarGutieG

Arabia

507353113Analyzed
1v1 RM · 14d ago on Sep 17, 2026· 62m 45s· 2 players
Game mode
Random Map
Map size
Tiny (2 player)
Population
200
Speed
Normal
Resources
Standard
Victory
Conquest
Starting age
Dark Age
Ending age
Imperial Age
RankedLock teamsTeams togetherTeam positionsShared explorationLock speedFull tech treeHidden civsTurbo modeCheats
Victory
Defeat
🇲🇽 Ethiopians · Mexico
1206
+13
🇨🇴 Huns · Colombia
1141
-33
LordCalingo
7:07 Loom
9:24 Feudal Age
10:40 Wheelbarrow
9:53 Double-Bit Axe
15:32 Town Watch
16:35 Padded Archer Armor
17:04 Fletching
21:07 Castle Age
25:31 Hand Cart
28:48 Bodkin Arrow
42:23 Imperial Age
39:40 Horse Collar
40:38 Scale Barding Armor
40:29 Light Cavalry
41:46 Bloodlines
42:02 Chain Barding Armor
42:21 Husbandry
42:36 Forging
43:29 Conscription
44:27 Plate Barding Armor
44:44 Hussar
47:20 Iron Casting
50:31 Blast Furnace
49:41 Elite Skirmisher
51:52 Bracer
53:52 Chemistry
55:50 Ballistics
57:06 Cavalier
OmarGutieG
4:15 Loom
7:05 Loom
9:05 Feudal Age
14:41 Fletching
16:40 Padded Archer Armor
24:09 Castle Age
24:11 Crossbowman
25:00 Thumb Ring
24:31 Crossbowman
25:44 Double-Bit Axe
25:57 Bodkin Arrow
26:49 Gold Mining
31:01 Light Cavalry
35:40 Wheelbarrow
36:12 Scale Barding Armor
36:18 Forging
37:57 Hand Cart
39:04 Scale Mail Armor
39:47 Thumb Ring
40:05 Chain Mail Armor
40:29 Iron Casting
40:14 Chain Mail Armor
40:05 Squires
42:31 Horse Collar
44:30 Iron Casting
47:05 Imperial Age
45:16 Heavy Plow
45:30 Town Watch
46:49 Royal Heirs
47:52 Bow Saw
48:12 Conscription
50:01 Plate Mail Armor
50:32 Blast Furnace
52:25 Elite Shotel Warrior
54:22 Arson
55:50 Town Patrol
55:53 Capped Ram
58:35 Siege Ram
Connection lost

Rejoining the realm…

Still unreachable

The connection could not be restored.

Session expired

The server has moved on; the page needs a fresh start.